 Dungeon Crawl Stone Soup version 0.17.1-3-g152610e (webtiles) character file.

29 GFox the Charmwright (level 3, -2/30 HPs)
             Began as a Draconian Skald on Feb 27, 2016.
             Slain by a hobgoblin
             ... wielding a +0 hand axe
              (4 damage)
             ... on level 1 of the Dungeon.
             The game lasted 00:13:47 (1072 turns).

GFox the Charmwright (Draconian Skald)              Turns: 1072, Time: 00:13:47

Health: -2/30      AC:  5    Str: 14      XL:     3   Next: 1%
Magic:  6/6        EV: 12    Int: 10 (12) God:
Gold:   29         SH:  0    Dex: 11      Spells: 2 memorised, 4 levels left

rFire  . . .     SeeInvis .     a - +0 spear
rCold  . . .     Clarity  .     (armour unavailable)
rNeg   . . .     SustAt   .     (no shield)
rPois  .         Gourm    .     (helmet restricted)
rElec  .         Spirit   .     (no cloak)
rCorr  .         Warding  .     (no gloves)
rMut   .         Stasis   .     (no boots)
MR     .....                    (no amulet)
Stlth  +.........               (no ring)
                                (no ring)

@: not resistant to hostile enchantments, very unstealthy
A: unfitting armour, cold-blooded, AC +5
a: no special abilities


You were on level 1 of the Dungeon.
You were hungry.

You visited 1 branch of the dungeon, and saw 1 of its levels.

You collected 29 gold pieces.

Inventory:

Hand Weapons
 a - a +0 spear (weapon)
Scrolls
 g - a scroll of magic mapping
Books
 b - a book of Battle

   Spells                             Type                      Level
   a - Infusion                       Charms                       1
   b - Shroud of Golubria             Charms/Translocation         2
   c - Song of Slaying                Charms                       2
   d - Spectral Weapon                Hexes/Charms                 3
   e - Regeneration                   Charms/Necromancy            3
Comestibles
 c - a bread ration
 d - 2 chunks of flesh


   Skills:
 + Level 2.3 Fighting
 + Level 2.0 Polearms
 + Level 1.5 Dodging
 + Level 2.5 Spellcasting
 + Level 3.1 Charms


You had 4 spell levels left.
You knew the following spells:

 Your Spells              Type           Power        Failure   Level  Hunger
a - Infusion              Chrm           #.....       10%         1    ##.....
b - Shroud of Golubria    Chrm/Tloc      #.........   24%         2    ###....


Dungeon Overview and Level Annotations

Branches:
Dungeon (1/15)

Altars:


Innate Abilities, Weirdness & Mutations

Your plain brown scales are hard (AC +5).
Your body does not fit into most forms of armour.
You are cold-blooded and may be slowed by cold attacks.


Message History

The hobgoblin hits you with a hand axe.
* * * LOW HITPOINT WARNING * * *
You barely miss the hobgoblin.
The hobgoblin is moderately wounded.
The hobgoblin closely misses you.
You hit the hobgoblin but do no damage.
The hobgoblin is moderately wounded.
The hobgoblin barely misses you.
Your magical contamination has completely faded away.
You hit the hobgoblin but do no damage.
The hobgoblin is moderately wounded.
The hobgoblin hits you but does no damage.
You hit the hobgoblin.
The hobgoblin is severely wounded.
The hobgoblin barely misses you.
You are feeling hungry.
You hit the hobgoblin.
Your tail-slap misses the hobgoblin.
The hobgoblin is almost dead.
The hobgoblin hits you with a hand axe.
You die...

######....# #.##...≈≈≈≈≈.≈≈≈
..#..##..#### #g##............
..##....## #.##....)...###.
..####...####... #(##........# #.
..# ##.......# #.##........# #.
..# ##.###.## #(##........####
..######'# #..## #.##............
..##..##.# #((###.###.#.........
..'.##..## ##((@g.# #...........
..################.#####........#
.....................####.....#.#
....####....#.##......# ######..#
....##........##......###....#..#
....##...)....#.................#
....##........####..#.#.........#
...###........####..............#
...# #.....>.....................


You could see a hobgoblin.

Vanquished Creatures
  An ooze (D:1)
  A giant gecko (D:1)
  A ball python (D:1)
  3 bats (D:1)
  3 giant cockroaches (D:1)
  2 goblins (D:1)
  2 hobgoblins (D:1)
  3 jackals (D:1)
  3 giant newts (D:1)
  3 rats (D:1)
22 creatures vanquished.

Notes
Turn   | Place    | Note
--------------------------------------------------------------
     0 | D:1      | GFox the Draconian Skald began the quest for the Orb.
     0 | D:1      | Reached XP level 1. HP: 17/17 MP: 3/3
   258 | D:1      | Reached XP level 2. HP: 14/24 MP: 1/5
   377 | D:1      | Learned a level 2 spell: Shroud of Golubria
   748 | D:1      | Reached skill level 3 in Charms
  1062 | D:1      | Reached XP level 3. HP: 3/30 MP: 6/6
  1067 | D:1      | HP: 1/30 [hobgoblin/hand axe (2)]
  1072 | D:1      | Slain by a hobgoblin

Action                   || total
-------------------------++-------
Melee: Spear             ||   101
 Cast: Infusion          ||     9
       Shroud of Golubri ||     4
  Use: Potion            ||     2
       Scroll            ||     1
  Eat: Chunk             ||     1
